 Dungeon Crawl Stone Soup version 0.28-a0-863-g8cecda6153 (webtiles) character file.

Game seed: 7704713181340642358

347 ders the Digger (level 6, -5/32 HPs)
             Began as a Gargoyle Earth Elementalist on Nov 16, 2021.
             Killed from afar by Ijyb (18 damage)
             ... with a bolt of acid
             ... on level 5 of the Dungeon.
             The game lasted 00:03:42 (4662 turns).

ders the Digger (Gargoyle Earth Elementalist)       Turns: 4662, Time: 00:03:43

Health: -5/32      AC:  3    Str: 11    XL:     6   Next: 59%
Magic:  1/11       EV: 11    Int: 18    God:
Gold:   109        SH:  0    Dex: 10    Spells: 5/12 levels left

rFire   . . .      SeeInvis .   p - +1 dagger (venom)
rCold   . . .      Faith    .   (no shield)
rNeg    + . .      Spirit   .   b - +0 robe
rPois   ∞          Reflect  .   (no helmet)
rElec   +          Harm     .   (no cloak)
rCorr   .          Rampage  .   (no gloves)
Will    .....                   q - +0 pair of boots
Stlth   ++........              k - amulet of regeneration
HPRegen 1.10/turn               (no ring)
MPRegen 0.12/turn               (no ring)

@: corroded
A: sickness immunity, AC +4, negative energy resistance 1, electricity
resistance, torment resistance 1, petrification resistance
a: no special abilities


You were on level 5 of the Dungeon.
You visited 2 branches of the dungeon, and saw 6 of its levels.

You collected 109 gold pieces.

Inventory:

Hand Weapons
 g - a +0 dagger
 p - a +1 dagger of venom (weapon)
Missiles
 c - 48 stones
Armour
 b - a +0 robe (worn)
 q - a +0 pair of boots (worn)
Jewellery
 k - an amulet of regeneration (around neck)
Scrolls
 a - a scroll of magic mapping {unknown}
 d - a scroll of amnesia {unknown}
 h - 2 scrolls of teleportation {unknown}
 m - 4 scrolls of identify {unknown}
 n - 3 scrolls of immolation
 r - a scroll of enchant armour {unknown}
Potions
 e - a potion of lignification {unknown}
 f - a potion of ambrosia {unknown}
 i - 2 potions of mutation {unknown}
 j - 2 potions of cancellation {unknown}
 l - 2 potions of heal wounds {unknown}
 o - a potion of berserk rage {unknown}
 s - a potion of haste {unknown}


   Skills:
 - Level 1.5 Dodging
 - Level 2.1 Stealth
 + Level 3.7 Spellcasting
 * Level 4.3 Conjurations
 - Level 0.7 Transmutations
 + Level 5.5 Earth Magic


You had 5 spell levels left.
You knew the following spells:

 Your Spells              Type           Power      Damage    Failure   Level
a - Sandblast             Erth           46%        2d11      1%          1
b - Stone Arrow           Conj/Erth      42%        3d9       6%          3
c - Swiftness             Air            3%         N/A       41%         3

Your spell library contained the following spells:

 Spells                   Type           Power      Damage    Failure   Level
 Passwall                 Tmut/Erth      11%        N/A       6%          2
 Beastly Appendage        Tmut           10%        N/A       12%         1
 Wereblood                Tmut           5%         N/A       17%         2
 Corpse Rot               Necr/Air       6%         N/A       22%         2
 Poisonous Vapours        Pois/Air       6%         N/A       22%         2
 Spider Form              Tmut/Pois      4%         N/A       36%         3
 Petrify                  Tmut/Erth      14%        N/A       38%         4


Dungeon Overview and Level Annotations

Branches:
Dungeon (5/15)             Temple (1/1) D:4

Altars:
Ashenzari
Cheibriados
Dithmenos
Elyvilon
Fedhas
Gozag
Hepliaklqana
Kikubaaqudgha
Nemelex Xobeh
Okawaru
Qazlal
Ru
Sif Muna
Trog
Uskayaw
Vehumet
Xom
Yredelemnul
Zin
The Shining One

Annotations:
D:5 Ijyb


Innate Abilities, Weirdness & Mutations

You are immune to sickness and miasma.
Your stone body is resilient. (AC +4)
You are immune to poison.
You resist negative energy. (rN+)
You are resistant to electric shocks. (rElec)
You are resistant to unholy torment.
You are immune to petrification.


Message History

Ijyb hits you with a +2 dagger of venom.
Unknown command.
Casting: Sandblast (safe; 1% risk of failure)
Confirm with . or Enter, or press ? or * to list all spells.
Aiming: Sandblast (safe; 1% risk of failure)
Press: ? - help, Shift-Dir - straight line, f/p - Ijyb
Aim: Ijyb, wielding a +2 dagger of venom, wearing a +0 scale mail and carrying a wand of acid (8) (moderately wounded, 78% to hit)
The blast of sand hits Ijyb but does no damage.
Ijyb is moderately wounded.
Ijyb zaps a wand.
The bolt of acid hits you!
Ouch! That really hurt!
The acid corrodes you!
Unknown command.
Casting: Sandblast (safe; 1% risk of failure)
Confirm with . or Enter, or press ? or * to list all spells.
Aiming: Stone Arrow (dangerous; 6% risk of failure)
Press: ? - help, Shift-Dir - straight line, f/p - Ijyb
Aim: Ijyb, wielding a +2 dagger of venom, wearing a +0 scale mail and carrying a wand of acid (7) (moderately wounded, 68% to hit)
The stone arrow hits Ijyb!
Ijyb is almost dead.
Ijyb hits you with a +2 dagger of venom.
Unknown command.
Casting: Stone Arrow (dangerous; 6% risk of failure)
Confirm with . or Enter, or press ? or * to list all spells.
Aiming: Stone Arrow (dangerous; 6% risk of failure)
Press: ? - help, Shift-Dir - straight line, f/p - Ijyb
Aim: Ijyb, wielding a +2 dagger of venom, wearing a +0 scale mail and carrying a wand of acid (7) (almost dead, 68% to hit)
The stone arrow misses Ijyb.
Ijyb hits you with a +2 dagger of venom.
Unknown command.
Casting: Stone Arrow (dangerous; 6% risk of failure)
Confirm with . or Enter, or press ? or * to list all spells.
Aiming: Sandblast (safe; 1% risk of failure)
Press: ? - help, Shift-Dir - straight line, f/p - Ijyb
Aim: Ijyb, wielding a +2 dagger of venom, wearing a +0 scale mail and carrying a wand of acid (7) (severely wounded, 78% to hit)
The blast of sand hits Ijyb but does no damage.
Ijyb is severely wounded.
Ijyb zaps a wand.
The bolt of acid hits you!!
Ouch! That really hurt!
You die...

#.>.⌠.>.# #.#
###
#....†..###.#
#....#....##.#
#...###...##.##
#.... #....#..#
+.⌠. ##.⌠.'..#
#... #...#..#
##+ ##+##.##
#.g@.# ######


You could see Ijyb.

Vanquished Creatures
  An ogre (D:4)
  A water moccasin skeleton (D:4)
  A jelly (D:4)
  An orc priest (D:4)
  A hound (D:5)
  A hound zombie (D:5)
  2 adders (D:5)
  An ufetubus (D:5)
  A worm (D:2)
  3 dart slugs (D:1)
  8 orcs
  4 bats
  4 endoplasms
  3 giant cockroaches
  4 goblins
  8 hobgoblins
  4 quokkas
  9 ball pythons
  6 frilled lizards
  4 kobolds
  3 rats (D:1)
70 creatures vanquished.

Notes
Turn   | Place    | Note
-------+----------+-------------------------------------------
     0 | D:1      | ders the Gargoyle Earth Elementalist began the quest for
                  | the Orb.
     0 | D:1      | Reached XP level 1. HP: 10/10 MP: 3/3
   213 | D:1      | Reached skill level 4 in Earth Magic
   213 | D:1      | Reached XP level 2. HP: 9/15 MP: 1/5
   665 | D:1      | Reached XP level 3. HP: 19/19 MP: 4/6
   669 | D:1      | Learned a level 3 spell: Stone Arrow
   778 | D:1      | Learned a level 3 spell: Swiftness
  1392 | D:2      | Reached skill level 1 in Conjurations
  1963 | D:3      | Found a faded altar of an unknown god.
  2104 | D:3      | Reached XP level 4. HP: 24/24 MP: 5/8
  2659 | D:4      | Found a staircase to the Ecumenical Temple.
  2680 | Temple   | Entered the Ecumenical Temple
  2903 | D:4      | Found an iron altar of Okawaru.
  2906 | D:4      | Found a hide-covered altar of Uskayaw.
  3294 | D:4      | Reached skill level 5 in Earth Magic
  3294 | D:4      | Reached XP level 5. HP: 28/28 MP: 5/9
  3508 | D:4      | Noticed an ogre
  3515 | D:4      | Killed an ogre
  3516 | D:4      | Reached XP level 6. HP: 32/32 MP: 0/11
  3649 | D:4      | Found a radiant altar of Vehumet.
  3649 | D:4      | Found a broken altar of Ashenzari.
  4498 | D:5      | Entered Level 5 of the Dungeon
  4655 | D:5      | Noticed Ijyb
  4662 | D:5      | Killed from afar by Ijyb

Illustrated notes

Levels and vault maps discovered:
D:1:      saegor_arrival_miasma, layout_basic, minmay_octomino_e4
D:2:      layout_basic
D:3:      layout_basic, hellmonk_ecumenical_altar_blasted
D:4:      layout_layer_cave, nicolae_overflow_hidden_temple,
          minmay_temple_entry_crystal_x, kennysheep_doodads
D:5:      layout_basic, nzn_wu_jian_council_hall, grunt_ministairs_13,
          uniq_prince_ribbit1, uniq_ijyb
Temple:   regret_index_temple_sphere_string

Skill      XL: |  1  2  3  4  5  6 |
---------------+-------------------+-----
Earth Magic    | 4 5 |  5.5
Conjurations   | 1 2 3 4 |  4.3
Spellcasting   | 3 |  3.7
Dodging        | |  1.5
Stealth        | |  2.1
Transmutations | |  0.7

Action                   |  1- 3 |  4- 6 || total
-------------------------+-------+-------++-------
Melee: Unarmed           |     5 |       ||     5
       Dagger            |     1 |     2 ||     3
 Cast: Sandblast         |    64 |    57 ||   121
       Stone Arrow       |       |     4 ||     4
Armor: Robe              |    11 |    10 ||    21
Dodge: Dodged            |    12 |    19 ||    31

Table legend: (Time is in decaauts)
 A = Elapsed time spent in this place.
 B = Non-inter-level travel time spent in this place.
 C = Inter-level travel time spent in this place.
 D = Time resting spent in this place.
 E = Time spent auto-exploring this place.
 F = Levels seen in this place.
 G = Mean time per level.
                   A        B        C        D        E       F      G
               +--------+--------+--------+--------+--------+-----+--------+
         Total |   4660 |   4510 |    150 |   1077 |   2941 |   6 |  776.7 |
       Dungeon |   4484 |   4368 |    116 |   1077 |   2815 |   5 |  896.8 |
        Temple |    175 |    141 |     34 |      0 |    126 |   1 |  175.0 |
               +--------+--------+--------+--------+--------+-----+--------+

Top non-repeatable levels by time:
     D:4: 1669 daAuts
     D:1: 1316 daAuts
     D:3: 708 daAuts
     D:2: 625 daAuts
  Temple: 175 daAuts
     D:5: 163 daAuts
